 Dungeon Crawl Stone Soup version 0.20.1-1-g8b1a95d (webtiles) character file.

508 ReignOfFire the Slasher (level 6, 0/47 HPs)
             Began as a Demonspawn Gladiator on July 24, 2017.
             Was an Initiate of Makhleb.
             Killed by nerve-wracking pain
             ... invoked by a shadow imp
              (5 damage)
             ... on level 5 of the Dungeon.
             The game lasted 00:07:58 (4625 turns).

ReignOfFire the Slasher (Demonspawn Gladiator)      Turns: 4625, Time: 00:07:59

Health: 0/47       AC:  8    Str: 15    XL:     6   Next: 98%
Magic:  6/6        EV: 14    Int:  9    God:    Makhleb [......]
Gold:   233        SH:  0    Dex: 16    Spells: 5/5 levels left

rFire    . . .     SeeInvis .   a - +0 long sword
rCold    . . .     Gourm    .   (no shield)
rNeg     . . .     Faith    .   b - +0 leather armour
rPois    .         Spirit   .   c - +0 helmet
rElec    .         Reflect  .   o - +0 cloak
rCorr    .         Harm     .   (no gloves)
MR       .....                  g - +0 pair of boots
Stlth    ++........             (no amulet)
Regen    0.2/turn               (no ring)
MPRegen  0.1/turn               (no ring)

@: no status effects
A: claws 1, slimy green scales 1, demonic guardian 1
a: Renounce Religion


You were on level 5 of the Dungeon.
You worshipped Makhleb.
Makhleb was noncommittal.
You were near starving.

You visited 2 branches of the dungeon, and saw 6 of its levels.

You collected 233 gold pieces.

Inventory:

Hand Weapons
 a - a +0 long sword (weapon)
Missiles
 d - 2 throwing nets (quivered)
Armour
 b - a +0 leather armour (worn)
 c - a +0 helmet (worn)
 g - a +0 pair of boots (worn)
 o - a +0 cloak (worn)
Jewellery
 r - an uncursed ring of magical power {unknown}
Wands
 m - a wand of flame (23/48)
 n - a wand of confusion (14/48)
 z - a wand of flame (10/48)
Scrolls
 e - 6 scrolls of identify {unknown}
 h - a scroll of random uselessness {unknown}
 i - 4 scrolls of remove curse {unknown}
 j - a scroll of magic mapping {unknown}
 k - a scroll of fog {unknown}
 s - 2 scrolls of teleportation {unknown}
 t - a scroll of enchant armour {unknown}
 y - a scroll of enchant weapon {unknown}
Potions
 l - a potion of agility {unknown}
 p - a potion of heal wounds {unknown}
 u - 2 potions of brilliance {unknown}
 v - 2 potions of ambrosia {unknown}
 w - 2 potions of lignification {unknown}
 x - a potion of degeneration {unknown}
Comestibles
 f - 7 bread rations
 q - a meat ration


   Skills:
 + Level 3.2 Fighting
 + Level 5.2 Long Blades
 + Level 2.0 Throwing
 + Level 2.6 Armour
 + Level 3.8 Dodging
 + Level 0.8 Stealth


You had 5 spell levels left.
You didn't know any spells.

Dungeon Overview and Level Annotations

Branches:
Dungeon (5/15)             Temple (1/1) D:5

Altars:
Ashenzari
Cheibriados
Dithmenos
Elyvilon
Fedhas
Hepliaklqana
Kikubaaqudgha
Makhleb
Okawaru
Qazlal
Sif Muna
Trog
Uskayaw
Zin
The Shining One

Annotations:
D:5 1 transporter


Innate Abilities, Weirdness & Mutations

You have sharp fingernails.
You are partially covered in slimy green scales. (AC +2)
A weak demonic guardian rushes to your aid.


Message History

The shadow imp gestures at you. Pain shoots through your body!
The shadow imp shouts, "Escape, thou feckless flat-headed dingleberry!"
There is an open door here.
The shadow imp puffs mist at you.
You enter the shallow water.
Moving in this stuff is going to be slow.
The shadow imp puffs mist at you. The shadow imp gestures at you.
Pain shoots through your body!
The shadow imp shouts, "Take thy face hence, thou gorbellied sow-suckled foot-licker!"
The orc priest mumbles some strange prayers to Beogh against you.
Beogh smites you!
The orc priest mumbles some strange prayers to Beogh against you.
Pain shoots through your body!
* * * LOW HITPOINT WARNING * * *
You open the door. The shadow imp gestures at you.
Pain shoots through your body!
You die...

≈### #.##.####.#..#.###.##......#
##≈# #.##.####......###.##......#
≈≈≈# #.##...............#######.#
#.## #.####.................# #..
...# #.# #.###############.# ###
##.# #.# #.#8≈#5.o.5..#P8#.# #
#.###.####.#P.#≈≈≈≈≈≈≈#.P#.## #
#..##......#$$#..≈≈≈..#..#..## #
###.##.##...#©)'@5≈♣≈..'..#©..###
.....#.###..#$.#..5≈≈..#..#......
..#..#.# ##.#P.#≈≈≈≈≈≈≈#.P#.#####
.#...#.# #.#8P#55.....#P8#.# #
>....#.# #.###############.# #
.#.....# #.................## #
..#.#..# ########...........####
....#..# ########........
.#....># #.##.####


You could see an orc priest, 4 shadow imps, a friendly quasit and a friendly
white imp.

Vanquished Creatures
  A phantom (D:4)
  A centaur (D:5)
  A hound (D:4)
  2 worker ants (D:4)
  7 adders
  A shadow imp (D:4)
  An ooze (D:1)
  An adder skeleton (D:4)
  2 worms
  2 dart slugs
  2 leopard geckos
  4 orcs
  4 ball pythons
  5 bats
  2 giant cockroaches
  6 goblins
  3 hobgoblins
  5 kobolds
  2 frilled lizards
  A leopard gecko zombie (D:5)
  7 rats
60 creatures vanquished.

Vanquished Creatures (collateral kills)
  Sigmund (D:2)
  An ogre (D:5)
  An orc wizard (D:4)
  An orc (D:4)
4 creatures vanquished.

Grand Total: 64 creatures vanquished

Notes
Turn   | Place    | Note
-------+----------+-------------------------------------------
     0 | D:1      | ReignOfFire the Demonspawn Gladiator began the quest for the Orb.
     0 | D:1      | Reached XP level 1. HP: 16/16 MP: 1/1
    60 | D:1      | Gained mutation: A weak demonic guardian rushes to your aid. [demonic ancestry]
    60 | D:1      | Reached XP level 2. HP: 19/22 MP: 2/2
   244 | D:1      | Reached skill level 3 in Long Blades
   687 | D:2      | Reached XP level 3. HP: 19/27 MP: 3/3
   855 | D:2      | Noticed Sigmund
   922 | D:2      | Killed Sigmund
   922 | D:2      | Reached skill level 1 in Armour
   922 | D:2      | Gained mutation: You are partially covered in slimy green scales. (AC +2) [demonic ancestry]
   922 | D:2      | Reached XP level 4. HP: 24/34 MP: 4/4
   937 | D:2      | Gained mutation: You have sharp fingernails. [demonic ancestry]
   937 | D:2      | Reached XP level 5. HP: 30/39 MP: 5/5
  1108 | D:2      | Found an ancient bone altar of Kikubaaqudgha.
  1495 | D:3      | Reached skill level 4 in Long Blades
  2399 | D:4      | HP: 1/39 [worker ant (3)]
  2833 | D:4      | Noticed a phantom
  2925 | D:4      | Killed a phantom
  2925 | D:4      | Reached XP level 6. HP: 17/47 MP: 6/6
  3551 | D:5      | Entered Level 5 of the Dungeon
  3598 | D:5      | Found a transporter.
  3631 | D:5      | Found a transporter.
  3650 | D:5      | Reached skill level 5 in Long Blades
  4144 | D:5      | Found a staircase to the Ecumenical Temple.
  4189 | Temple   | Entered the Ecumenical Temple
  4313 | Temple   | Became a worshipper of Makhleb the Destroyer
  4346 | D:5      | Found a bloodstained altar of Trog.
  4625 | D:5      | Killed from afar by a shadow imp

Skill      XL: |  1  2  3  4  5  6 |
---------------+-------------------+-----
Dodging        | 3 |  3.8
Long Blades    | 3 4 5 |  5.2
Armour         | 1 2 |  2.6
Throwing       | 2 |  2.0
Fighting       | 3 |  3.2
Stealth        | |  0.8

Action                   |  1- 3 |  4- 6 || total
-------------------------+-------+-------++-------
Melee: Long sword        |    48 |   189 ||   237
Throw: Throwing net      |       |     2 ||     2
Evoke: Wand              |     2 |       ||     2
  Use: Potion            |     1 |       ||     1
 Stab: Sleeping          |       |     1 ||     1
  Eat: Chunk             |       |     8 ||     8
       Royal jelly       |       |     1 ||     1
Armor: Leather armour    |    13 |    74 ||    87
Dodge: Dodged            |    31 |   141 ||   172
       Rpst.: Long sword |     9 |    46 ||    55
